 Dungeon Crawl Stone Soup version 0.30.0-18-gc0e69614cb (webtiles) character file.

Game seed: 12212748191816952129

16 monsoonserge the Sneak (level 2, 0/13 HPs)
             Began as a Vine Stalker Enchanter on May 24, 2023.
             Slain by a kobold
             ... wielding a +0 dagger
              (1 damage)
             ... on level 1 of the Dungeon.
             The game lasted 00:01:27 (363 turns).

monsoonserge the Sneak (Vine Stalker Enchanter)      Turns: 363, Time: 00:01:27

Health: 0/13       AC:  2    Str: 10    XL:     2   Next: 54%
Magic:  0/6        EV: 12    Int: 15    God:
Gold:   12         SH:  0    Dex: 14    Spells: 3/5 levels left

rFire   . . .        h - +2 dagger (freeze)
rCold   . . .        (no shield)
rNeg    . . .        b - +0 robe
rPois   .            (no helmet)
rElec   .            (no cloak)
rCorr   .            (no gloves)
SInv    .            (no boots)
Will    .....        (no amulet)
Stlth   +++          (no ring)
HPRegen 0.22/turn    (no ring)
MPRegen 0.10/turn

%: guardian spirit
@: invisible
A: fangs 2, magic shield, antimagic bite, no potion heal 2
a: no special abilities


You were on level 1 of the Dungeon.
You visited 1 branch of the dungeon, and saw 1 of its levels.

You collected 12 gold pieces.

Inventory:

Hand Weapons
 h - a +2 dagger of freezing (weapon)
Armour
 b - a +0 robe (worn)
Magical Staves
 g - a staff of cold
Jewellery
 e - a ring of fire
Scrolls
 d - a scroll of teleportation {unknown}
 f - 2 scrolls of fear {unknown}
Potions
 a - a potion of lignification {unknown}
 c - a potion of invisibility


   Skills:
 + Level 0.8 Short Blades
 + Level 1.7 Dodging
 + Level 4.0 Stealth
 + Level 2.4 Spellcasting
 + Level 3.1 Hexes
 * Level 0.6 Ice Magic


You had 3 spell levels left.
You knew the following spells:

 Your Spells              Type           Power      Damage    Failure   Level
a - Ensorcelled Hibernat  Hex/Ice        14%        N/A       16%         2

Your spell library contained the following spells:

 Spells                   Type           Power      Damage    Failure   Level
 Confusing Touch          Hex            11%        N/A       19%         3
 Tukima's Dance           Hex            11%        N/A       19%         3
 Dazzling Flash           Conj/Hex       12%        N/A       32%         3


Dungeon Overview and Level Annotations

Branches:
Dungeon (1/15)

Altars:


Innate Abilities, Weirdness & Mutations

You have extremely sharp teeth.
When hurt, damage is shared between your health and your magic reserves.
Your bite disrupts and absorbs the magic of your enemies.
Potions cannot restore your health.


Message History

You barely miss the quokka.
The quokka bites you but does no damage.
The quokka bites you.
You closely miss the quokka. The quokka bites you.
You barely miss the quokka. The quokka barely misses you.
You hit the quokka. You freeze the quokka. Your bite misses the quokka.
The quokka is severely wounded.
The quokka misses you.
You closely miss the quokka. Your bite misses the quokka.
The quokka is severely wounded.
The quokka closely misses you.
A kobold comes into view. It is wielding a +0 dagger.
You barely miss the quokka.
The quokka is severely wounded.
The quokka closely misses you. The quokka bites you.
You hit the quokka. You freeze the quokka.
You kill the quokka!
You hit the jackal. You freeze the jackal.
You punch the jackal, but do no damage. You bite the jackal, but do no damage.
The jackal is severely wounded.
The jackal barely misses you.
You hit the jackal. You freeze the jackal.
You kill the jackal!
A jackal comes into view.
The jackal barks!
You hit the jackal. You freeze the jackal.
You kill the jackal!
You hear a bark!
You hear a shout!
Your Stealth skill increases to level 4!
You closely miss the kobold. Your bite misses the kobold.
The kobold hits you with a +0 dagger.
* * * LOW HITPOINT WARNING * * *
You hit the kobold but do no damage. The kobold hits you with a +0 dagger.
* * * LOW HITPOINT WARNING * * *
You fade into invisibility!
The kobold closely misses you.
You hit the kobold. You freeze the kobold. Your bite misses the kobold.
The kobold is heavily wounded.
The kobold hits you with a +0 dagger.
You die... #.# #.# .PP

###.# ... #...# .P
##.######.
#.[......# P
#.)####..# .P.
####...###.##...P.
.........@Kgh.#
#####...###h.##
#..## #..# #...
..... #### ######


You could see 2 jackals, a hobgoblin (unable to see you) and a kobold (unable to
see you).

Vanquished Creatures
  2 goblins (D:1)
  5 jackals (D:1)
  A kobold (D:1)
  2 quokkas (D:1)
  3 frilled lizards (D:1)
13 creatures vanquished.

Notes
Turn   | Place    | Note
-------+----------+-------------------------------------------
     0 | D:1      | monsoonserge the Vine Stalker Enchanter began the quest for
                  | the Orb.
     0 | D:1      | Reached XP level 1. HP: 9/9 MP: 4/4
   114 | D:1      | Reached XP level 2. HP: 3/13 MP: 1/6
   117 | D:1      | Learned a level 2 spell: Ensorcelled Hibernation
   360 | D:1      | Reached skill level 4 in Stealth
   363 | D:1      | Slain by a kobold

Illustrated notes

Levels and vault maps discovered:
D:1:      dpeg_arrival_tiny_i, layout_loops_ring, shapermc_ecumenical_altar_gd

Skill      XL: |  1  2 |
---------------+-------+-----
Stealth        | 4 |  4.0
Short Blades   | |  0.8
Dodging        | |  1.7
Spellcasting   | |  2.4
Hexes          | |  3.1
Ice Magic      | |  0.6

Action                     || total
---------------------------++-------
  Melee: Dagger            ||    41
         Bite              ||     5
         Punch             ||     1
   Cast: Ensorcelled Hiber ||     5
    Use: Potion            ||     1
   Stab: Sleeping          ||     4
 Armour: Robe              ||    10
  Dodge: Dodged            ||    24
